 Dungeon Crawl Stone Soup version 0.19.0-20-gbc5f0c6 (webtiles) character file.

63 lorenzova the Shooter (level 3, 0/30 HPs)
             Began as a Centaur Hunter on Nov 17, 2016.
             Succumbed to an adder's poison
             ... on level 2 of the Dungeon on Nov 18, 2016.
             The game lasted 00:03:47 (1591 turns).

lorenzova the Shooter (Centaur Hunter)              Turns: 1591, Time: 00:03:48

Health: 0/30       AC:  6    Str: 12 (14) XL:     3   Next: 87%
Magic:  3/3        EV:  9    Int:  7 (10) God:
Gold:   56         SH:  0    Dex:  9 (10) Spells: 0 memorised, 2 levels left

rFire  . . .     SeeInvis +     b - +0 short sword
rCold  . . .     Gourm    .     p - +1 leather armour {rPois}
rNeg   . . .     Faith    .     (no shield)
rPois  +         Spirit   .     (no helmet)
rElec  .         Reflect  .     (no cloak)
rCorr  .         Harm     .     m - +0 pair of gloves
MR     .....                    (no barding)
Stlth  +.........               (no amulet)
                                (no ring)
                                n - ring of see invisible

@: lethally poisoned (0 -> -6), very quick
A: hooves 3, deformed body, speed 2, tough skin 3
a: no special abilities


You were on level 2 of the Dungeon.
You were hungry.

You visited 1 branch of the dungeon, and saw 2 of its levels.

You collected 56 gold pieces.

Inventory:

Hand Weapons
 a - a +1 shortbow
 b - a +0 short sword (weapon)
Missiles
 d - 19 arrows
Armour
 c - a +0 leather armour
 g - a +0 ring mail
 m - a +0 pair of gloves (worn)
 p - a +1 leather armour of poison resistance (worn)
Jewellery
 n - a ring of see invisible (left hand)
Wands
 r - a wand of confusion (19/48)
Scrolls
 e - 3 scrolls of remove curse {unknown}
 h - a scroll of teleportation {unknown}
 k - 2 scrolls of identify {unknown}
 o - 2 scrolls of enchant weapon {unknown}
 s - a scroll of blinking {unknown}
Potions
 l - a potion of heal wounds {unknown}
Comestibles
 f - a bread ration
 i - a meat ration


   Skills:
 + Level 2.6 Fighting
 * Level 6.4 Bows
 + Level 2.0 Dodging
 - Level 0.4 Stealth


You had 2 spell levels left.
You didn't know any spells.

Dungeon Overview and Level Annotations

Branches:
Dungeon (2/15)

Altars:
Gozag
Qazlal


Innate Abilities, Weirdness & Mutations

You have hooves in place of feet.
Armour fits poorly on your strangely shaped body.
You cover ground very quickly.
You have extremely tough skin. (AC +3)


Message History

You are too injured to fight recklessly!
You are too injured to fight recklessly!
You are too injured to fight recklessly!
You hit the adder.
The adder is almost dead.
The adder bites you.
* * * LOW HITPOINT WARNING * * *
You are poisoned.
The adder poisons you!
You miss the adder. You kick the adder.
The adder is almost dead.
* * * LOW HITPOINT WARNING * * *
You feel sick. The adder bites you.
* * * LOW HITPOINT WARNING * * *
The adder bites you.
* * * LOW HITPOINT WARNING * * *
It was a potion of degeneration.
There was something very wrong with that liquid.
You feel weakened.
You feel dopey.
You feel clumsy.
You die...

## #[# . .. #.
###.### #. ##.....##
##...
#..#.......#......
#.#.......#.# ...
#)S..._.....# #.#
#@......#.# #.#
#.......#.# #.#
#.##.....##.# #.#
#.####.####.###.####
#...........#..#....
#..........##.###..#
+.........+..## ##..
#.........###.###..#
##.......## #..#.#.#


You could see an adder.

Vanquished Creatures
  2 worms (D:2)
  2 dart slugs (D:2)
  2 leopard geckos
  4 bats
  8 goblins
  7 hobgoblins
  7 jackals
  A ball python (D:2)
  11 kobolds
  3 rats
47 creatures vanquished.

Notes
Turn   | Place    | Note
-------+----------+-------------------------------------------
     0 | D:1      | lorenzova the Centaur Hunter began the quest for the Orb.
     0 | D:1      | Reached XP level 1. HP: 17/17 MP: 1/1
   173 | D:1      | Reached XP level 2. HP: 22/24 MP: 2/2
   345 | D:1      | Reached skill level 6 in Bows
   854 | D:1      | Found an opulent altar of Gozag.
   953 | D:2      | Reached XP level 3. HP: 29/29 MP: 3/3
  1581 | D:2      | Found a stormy altar of Qazlal.
  1590 | D:2      | HP: 1/30 [adder (1)]
  1591 | D:2      | Succumbed to an adder's poison

Skill      XL: |  1  2  3 |
---------------+----------+-----
Bows           | 6 |  6.4
Dodging        | 2 |  2.0
Fighting       | |  2.6
Stealth        | |  0.4

Action                   || total
-------------------------++-------
Melee: Short sword       ||   209
       Kick              ||    32
 Fire: Shortbow          ||    13
  Use: Potion            ||     1
  Eat: Chunk             ||     1
Armor: Leather armour    ||    43
       Ring mail         ||    45
Dodge: Dodged            ||    86
